 Dungeon Crawl Stone Soup version 0.30-a0-634-g8abc85282e (webtiles) character file.

Game seed: 14009820422008286565

61 mampy3000 the Trooper (level 4, -1/40 HPs)
             Began as a Hill Orc Fighter on Jan 14, 2023.
             Slain by a gnoll
             ... wielding a +0 halberd
              (10 damage)
             ... on level 2 of the Dungeon.
             The game lasted 00:02:26 (842 turns).

mampy3000 the Trooper (Hill Orc Fighter)             Turns: 842, Time: 00:02:27

Health: -1/40      AC:  8    Str: 20    XL:     4   Next: 7%
Magic:  4/4        EV:  9    Int:  8    God:
Gold:   50         SH:  4    Dex: 10    Spells: 3/3 levels left

rFire   . . .      SeeInvis .    a - +0 war axe
rCold   . . .      Faith    .    c - +0 buckler
rNeg    . . .      Spirit   .    b - +0 scale mail
rPois   .          Reflect  .    (no helmet)
rElec   .          Harm     .    (no cloak)
rCorr   .          Rampage  .    (no gloves)
Will    .....                    m - +0 pair of boots Stlth
                                 (no amulet)
HPRegen 0.26/turn                (no ring)
MPRegen 0.09/turn                (no ring)

@: no status effects
A: no striking features
a: no special abilities


You were on level 2 of the Dungeon.
You visited 1 branch of the dungeon, and saw 2 of its levels.

You collected 50 gold pieces.

Inventory:

Hand Weapons
 a - a +0 war axe (weapon)
Armour
 b - a +0 scale mail (worn)
 c - a +0 buckler (worn)
 m - a +0 pair of boots (worn)
Wands
 l - a wand of quicksilver (9)
Scrolls
 f - a scroll of identify
Potions
 d - a potion of might
 g - 2 potions of resistance
 i - 2 potions of curing {unknown}
 k - a potion of degeneration {unknown}


   Skills:
 + Level 4.1 Fighting
 + Level 3.7 Axes
 + Level 4.0 Armour
 + Level 0.1 Dodging
 + Level 3.7 Shields


You had 3 spell levels left.
You didn't know any spells.
Your spell library was empty.

Dungeon Overview and Level Annotations

Branches:
Dungeon (2/15)

Altars:


Message History

You assume a fearsome visage.
Nothing appears to happen.
It was a scroll of fear.
There is a stone staircase leading up here.
You now have 50 gold pieces (gained 9).
Found an escape hatch in the floor.
A giant cockroach comes into view.
A giant cockroach is nearby!
Found 4 gold pieces.
A gnoll comes into view. It is wielding a +0 halberd.
Found 4 gold pieces.
The gnoll shouts!
You hear a shout! x2
You barely miss the giant cockroach.
The giant cockroach bites you but does no damage.
A gnoll comes into view. It is wielding a +0 spear.
You closely miss the giant cockroach. The giant cockroach bites you.
The gnoll hits you but does no damage. The giant cockroach closely misses you.
You hit the giant cockroach but do no damage.
The giant cockroach closely misses you.
The gnoll hits you from afar with a +0 halberd!
A gnoll comes into view. It is wielding a +0 spear.
You slash the giant cockroach!
You kill the giant cockroach!
You block the gnoll's attack.
The gnoll hits you from afar with a +0 halberd.
You block the gnoll's attack.
The gnoll hits you from afar with a +0 spear.
You are too injured to fight recklessly!
You are too injured to fight recklessly!
You are too injured to fight recklessly!
You are too injured to fight recklessly!
You are too injured to fight recklessly!
You are too injured to fight recklessly!
The gnoll closely misses you. The gnoll closely misses you.
The gnoll barely misses you.
The gnoll hits you from afar with a +0 halberd.
The gnoll hits you from afar with a +0 spear!
* * * LOW HITPOINT WARNING * * *
The gnoll hits you with a +0 halberd!
You die...

.....#.
...........#.
.......##...........
.....##)<.........#
#......#.........#
##...)##.........#
##... #.........#
#... #.........#
..... #....g....#
#..... #...gg@...#
#...### ###†.######
...# #.....#
....###.# ...... ..∩
...... $.. ..$...
..... ..∩..∩ .#.#
.... .#.#


You could see 3 gnolls.

Vanquished Creatures
  Jessica (D:2)
  2 bat skeletons (D:2)
  An endoplasm (D:1)
  3 giant cockroaches
  3 goblins (D:1)
  2 hobgoblins (D:1)
  2 quokkas (D:1)
  8 ball pythons (D:1)
  A ball python zombie (D:2)
  4 bats (D:1)
  A giant cockroach zombie (D:2)
  2 kobolds
  2 rats (D:1)
32 creatures vanquished.

Vanquished Creatures (others)
  A kraken (D:1)
  2 minotaurs (D:1)
  3 demonspawn (D:1)
  A draconian (D:1)
  2 gargoyles (D:1)
  A merfolk (D:1)
  A formicid (D:1)
  A spriggan (D:1)
  A kobold (D:1)
  8 tentacles (D:1)
  2 withered plants (D:2)
23 creatures vanquished.

Grand Total: 55 creatures vanquished

Notes
Turn   | Place    | Note
-------+----------+-------------------------------------------
     0 | D:1      | mampy3000 the Hill Orc Fighter began the quest for the Orb.
     0 | D:1      | Reached XP level 1. HP: 19/19 MP: 1/1
     2 | D:1      | Noticed a minotaur
     2 | D:1      | Noticed a gargoyle
     2 | D:1      | Noticed a draconian
     2 | D:1      | Noticed a minotaur
     2 | D:1      | Noticed a merfolk
     2 | D:1      | Noticed a formicid
     2 | D:1      | Noticed a gargoyle
     2 | D:1      | Noticed a spriggan
     2 | D:1      | Noticed a kraken
     2 | D:1      | Noticed a minotaur
     2 | D:1      | Noticed a demonspawn
     2 | D:1      | Noticed a demonspawn
     2 | D:1      | Noticed a demonspawn
     2 | D:1      | Noticed a ghoul
     2 | D:1      | Noticed a human
     5 | D:1      | Killed a merfolk
     6 | D:1      | Killed a spriggan
     8 | D:1      | Killed a draconian
     8 | D:1      | Killed a gargoyle
    10 | D:1      | Killed a gargoyle
    10 | D:1      | Killed a demonspawn
    12 | D:1      | Killed a minotaur
    16 | D:1      | Killed a formicid
    17 | D:1      | Killed a minotaur
    18 | D:1      | Killed a demonspawn
    19 | D:1      | Killed a demonspawn
    21 | D:1      | Killed a kraken
    99 | D:1      | Reached XP level 2. HP: 27/27 MP: 2/2
   598 | D:1      | Reached XP level 3. HP: 33/33 MP: 3/3
   744 | D:2      | Noticed Jessica
   745 | D:2      | Killed Jessica
   750 | D:2      | Reached XP level 4. HP: 39/40 MP: 4/4
   842 | D:2      | Slain by a gnoll

Illustrated notes

Levels and vault maps discovered:
D:1:      nicolae_arrival_kraken_aquarium_b, layout_loops_cross
D:2:      layout_rooms, serial_undead, serial_undead_a, serial_undead_f,
          serial_undead_f, serial_undead_b,
          hellmonk_ecumenical_altar_arch_garden, uniq_jessica

Skill      XL: |  1  2  3 |
---------------+----------+-----
Axes           | 3 |  3.7
Fighting       | 4 |  4.1
Armour         | 4 |  4.0
Dodging        | |  0.1
Shields        | |  3.7

Action                   |  1- 3 |  4- 6 || total
-------------------------+-------+-------++-------
Melee: War axe           |    62 |    17 ||    79
  Use: Scroll            |       |     4 ||     4
Armor: Scale mail        |    34 |    12 ||    46
Dodge: Dodged            |    33 |    10 ||    43
Block: Buckler           |    24 |     5 ||    29

Table legend: (Time is in decaauts)
 A = Elapsed time spent in this place.
 B = Non-inter-level travel time spent in this place.
 C = Inter-level travel time spent in this place.
 D = Time resting spent in this place.
 E = Time spent auto-exploring this place.
 F = Levels seen in this place.
 G = Mean time per level.
                   A        B        C        D        E       F      G
               +--------+--------+--------+--------+--------+-----+--------+
         Total |    871 |    796 |     75 |      0 |    527 |   2 |  435.5 |
       Dungeon |    871 |    796 |     75 |      0 |    527 |   2 |  435.5 |
               +--------+--------+--------+--------+--------+-----+--------+

Top non-repeatable levels by time:
     D:1: 766 daAuts
     D:2: 104 daAuts
